TOP OF THE 1ST |
Victoria Capitals batting - Pitching for Roswell Invaders : RHP Beniamino Cajani
|
Pitching: RHP Beniamino Cajani
|
|
Batting: RHB Mike Reynolds
|
0-0: Ball 1-0: Foul Ball, location: 2F 1-1: Ball 2-1: Ball 3-1: Swinging Strike 3-2: Ground out 3-1 (Groundball, 34, EV 100.0 MPH)
|
Batting: RHB Antonio Arechiga
|
0-0: Fly out, F9 (Flyball, 9D, EV 102.5 MPH)
|
Batting: LHB Jason Cary
|
0-0: Ball 1-0: Foul Ball, location: 2F 1-1: Called Strike 1-2: Strikes out looking
|
Top of the 1st over - 0 runs, 0 hits, 0 errors, 0 left on base; Victoria 0 - Roswell 0 |
BOTTOM OF THE 1ST |
Roswell Invaders batting - Pitching for Victoria Capitals : LHP Jakob Lauritzen
|
Pitching: LHP Jakob Lauritzen
|
|
Batting: LHB Marshall Rives
|
0-0: Ball 1-0: Called Strike 1-1: Foul Ball, location: 2F 1-2: Strikes out swinging
|
Batting: RHB T.J. House
|
0-0: Called Strike 0-1: Ball 1-1: Foul Ball, location: 2F 1-2: Ball 2-2: Foul Ball, location: 2F 2-2: Ground out 6-3 (Groundball, 6, EV 100.6 MPH)
|
Batting: RHB Juan Mejia
|
0-0: Called Strike 0-1: Ball 1-1: Swinging Strike 1-2: Ball 2-2: Ball 3-2: Ground out 3-1 (Groundball, 34S, EV 84.4 MPH)
|
Bottom of the 1st over - 0 runs, 0 hits, 0 errors, 0 left on base; Victoria 0 - Roswell 0 |
TOP OF THE 2ND |
Victoria Capitals batting - Pitching for Roswell Invaders : RHP Beniamino Cajani
|
Batting: RHB Hyeon-cheong Lee
|
0-0: Ball 1-0: Ball 2-0: Called Strike 2-1: Ground out 6-3 (Groundball, 6, EV 82.5 MPH)
|
Batting: LHB Willard Balcome
|
0-0: Foul Ball, location: 2F 0-1: Ball 1-1: Foul Ball, location: 2F 1-2: Ground out 4-3 (Groundball, 34D, EV 101.9 MPH)
|
Batting: SHB Rich Roberts
|
0-0: Foul Ball, location: 2F 0-1: SINGLE (Groundball, 4MS, EV 70.0 MPH) (infield hit)
|
Batting: LHB Mike Jones
|
0-0: Ball 1-0: Swinging Strike 1-1: Ball 2-1: Fly out, F7 (Flyball, 7LD, EV 67.5 MPH)
|
Top of the 2nd over - 0 runs, 1 hit, 0 errors, 1 left on base; Victoria 0 - Roswell 0 |
BOTTOM OF THE 2ND |
Roswell Invaders batting - Pitching for Victoria Capitals : LHP Jakob Lauritzen
|
Batting: LHB Andrew Moore
|
0-0: Fly out, F4 (Popup, 23, EV 88.1 MPH)
|
Batting: RHB Cullen Kelley
|
0-0: Called Strike 0-1: Foul Ball, location: 2F 0-2: Ball 1-2: Fly out, F7 (Flyball, 7LD, EV 85.0 MPH)
|
Batting: LHB Nick Walker
|
0-0: Ball 1-0: Swinging Strike 1-1: Swinging Strike 1-2: Hit by Pitch
|
Batting: RHB Dan Long
|
0-0: Swinging Strike 0-1: Fly out, F8 (Flyball, 8LD, EV 92.5 MPH)
|
Bottom of the 2nd over - 0 runs, 0 hits, 0 errors, 1 left on base; Victoria 0 - Roswell 0 |
TOP OF THE 3RD |
Victoria Capitals batting - Pitching for Roswell Invaders : RHP Beniamino Cajani
|
Batting: RHB Ray Wathey
|
0-0: Called Strike 0-1: Ground out 6-3 (Groundball, 6, EV 84.4 MPH)
|
Batting: RHB Josh Rentz
|
0-0: Ball 1-0: Ball 2-0: Called Strike 2-1: Foul Ball, location: 2F 2-2: Fly out, F9 (Flyball, 89M, EV 83.8 MPH)
|
Batting: RHB Mike Reynolds
|
0-0: Ball 1-0: Foul Ball, location: 2F 1-1: Called Strike 1-2: Ball 2-2: Strikes out swinging
|
Top of the 3rd over - 0 runs, 0 hits, 0 errors, 0 left on base; Victoria 0 - Roswell 0 |
BOTTOM OF THE 3RD |
Roswell Invaders batting - Pitching for Victoria Capitals : LHP Jakob Lauritzen
|
Batting: LHB Josh Snyder
|
0-0: Foul Ball, location: 2F 0-1: Fly out, F7 (Flyball, 7S, EV 87.5 MPH)
|
Batting: SHB Sandy Burke
|
0-0: Foul Ball, location: 2F 0-1: Foul Ball, location: 2F 0-2: Ball 1-2: Strikes out swinging
|
Batting: LHB Marshall Rives
|
0-0: Fly out, F7 (Line Drive, 78M, EV 97.5 MPH)
|
Bottom of the 3rd over - 0 runs, 0 hits, 0 errors, 0 left on base; Victoria 0 - Roswell 0 |
TOP OF THE 4TH |
Victoria Capitals batting - Pitching for Roswell Invaders : RHP Beniamino Cajani
|
Batting: RHB Antonio Arechiga
|
0-0: Ball 1-0: Swinging Strike 1-1: Called Strike 1-2: Ball 2-2: Strikes out looking
|
Batting: LHB Jason Cary
|
0-0: Called Strike 0-1: Ball 1-1: Swinging Strike 1-2: Foul Ball, location: 2F 1-2: Strikes out looking
|
Batting: RHB Hyeon-cheong Lee
|
0-0: Ball 1-0: Ball 2-0: Foul Ball, location: 2F 2-1: Called Strike 2-2: Ground out 4-3 (Groundball, 4, EV 90.6 MPH)
|
Top of the 4th over - 0 runs, 0 hits, 0 errors, 0 left on base; Victoria 0 - Roswell 0 |
BOTTOM OF THE 4TH |
Roswell Invaders batting - Pitching for Victoria Capitals : LHP Jakob Lauritzen
|
Batting: RHB T.J. House
|
0-0: Called Strike 0-1: Ground out 4-3 (Groundball, 4MD, EV 86.2 MPH)
|
Batting: RHB Juan Mejia
|
0-0: Foul Ball, location: 2F 0-1: Swinging Strike 0-2: SINGLE (Line Drive, 9S, EV 96.2 MPH)
|
Batting: LHB Andrew Moore
|
0-0: Swinging Strike 0-1: Grounds into double play, 6-4-3 (Groundball, 6, EV 86.9 MPH)
|
Bottom of the 4th over - 0 runs, 1 hit, 0 errors, 0 left on base; Victoria 0 - Roswell 0 |
TOP OF THE 5TH |
Victoria Capitals batting - Pitching for Roswell Invaders : RHP Beniamino Cajani
|
Batting: LHB Willard Balcome
|
0-0: Ball 1-0: Called Strike 1-1: Foul Ball, location: 2F 1-2: Foul Ball, location: 2F 1-2: Strikes out swinging
|
Batting: SHB Rich Roberts
|
0-0: Ball 1-0: Ball 2-0: Called Strike 2-1: SINGLE (Groundball, 4MD, EV 98.8 MPH)
|
Batting: LHB Mike Jones
|
0-0: Ball 1-0: Fielders Choice at 2nd, 3-6 (Groundball, 34S, EV 80.0 MPH)
|
Batting: RHB Ray Wathey
|
0-0: Called Strike 0-1: Foul Ball, location: 2F 0-2: Strikes out swinging
|
Top of the 5th over - 0 runs, 1 hit, 0 errors, 1 left on base; Victoria 0 - Roswell 0 |
BOTTOM OF THE 5TH |
Roswell Invaders batting - Pitching for Victoria Capitals : LHP Jakob Lauritzen
|
Batting: RHB Cullen Kelley
|
0-0: Called Strike 0-1: Called Strike 0-2: Strikes out swinging
|
Batting: LHB Nick Walker
|
0-0: Fly out, F8 (Flyball, 8LD, EV 101.2 MPH)
|
Batting: RHB Dan Long
|
0-0: Called Strike 0-1: Foul Ball, location: 2F 0-2: Ball 1-2: Ground out 1-3 (Groundball, 13S, EV 73.8 MPH)
|
Bottom of the 5th over - 0 runs, 0 hits, 0 errors, 0 left on base; Victoria 0 - Roswell 0 |
TOP OF THE 6TH |
Victoria Capitals batting - Pitching for Roswell Invaders : RHP Beniamino Cajani
|
Batting: RHB Josh Rentz
|
0-0: Ball 1-0: Foul Ball, location: 2F 1-1: Called Strike 1-2: Strikes out swinging
|
Batting: RHB Mike Reynolds
|
0-0: Called Strike 0-1: Ball 1-1: Ball 2-1: Ball 3-1: Foul Ball, location: 2F 3-2: Foul Ball, location: 2F 3-2: SINGLE (Groundball, 56D, EV 96.9 MPH)
|
Batting: RHB Antonio Arechiga
|
0-0: Called Strike 0-1: Ball 1-1: Fielders Choice at 2nd, 6-4 (Groundball, 56, EV 81.2 MPH)
|
Batting: LHB Jason Cary
|
0-0: Called Strike Antonio Arechiga steals 2nd base 0-1: Ground out 6-3 (Groundball, 6, EV 88.8 MPH)
|
Top of the 6th over - 0 runs, 1 hit, 0 errors, 1 left on base; Victoria 0 - Roswell 0 |
BOTTOM OF THE 6TH |
Roswell Invaders batting - Pitching for Victoria Capitals : LHP Jakob Lauritzen
|
Batting: LHB Josh Snyder
|
0-0: Ball 1-0: Ball 2-0: Fly out, F7 (Flyball, 78M, EV 85.6 MPH)
|
Batting: SHB Sandy Burke
|
0-0: Foul Ball, location: 2F 0-1: Swinging Strike 0-2: Strikes out swinging
|
Batting: LHB Marshall Rives
|
0-0: Ball 1-0: SINGLE (Groundball, 4MD, EV 98.1 MPH)
|
Batting: RHB T.J. House
|
0-0: Ball 1-0: Swinging Strike 1-1: Ball 2-1: Fly out, F6 (Popup, 6MS, EV 87.5 MPH)
|
Bottom of the 6th over - 0 runs, 1 hit, 0 errors, 1 left on base; Victoria 0 - Roswell 0 |
TOP OF THE 7TH |
Victoria Capitals batting - Pitching for Roswell Invaders : RHP Beniamino Cajani
|
Batting: RHB Hyeon-cheong Lee
|
0-0: Foul Ball, location: 2F 0-1: Ball 1-1: Ground out 6-3 (Groundball, 6, EV 101.9 MPH)
|
Batting: LHB Willard Balcome
|
0-0: Called Strike 0-1: Foul Ball, location: 2F 0-2: SINGLE (Groundball, 6MD, EV 106.2 MPH)
|
Batting: SHB Rich Roberts
|
0-0: Ball 1-0: Ball 2-0: Foul Ball, location: 2F 2-1: Ball 3-1: Base on Balls Willard Balcome to second
|
Pinch Runner at 2nd Nick Ellis:
|
|
Batting: LHB Mike Jones
|
0-0: Called Strike 0-1: Fly out, F8 (Flyball, 89D, EV 92.5 MPH) Runner from 2nd tags up, SAFE at 3rd, no throw by CF
|
Batting: RHB Ray Wathey
|
0-0: Ball 1-0: Ball 2-0: Ball 3-0: Called Strike 3-1: Called Strike 3-2: Strikes out swinging
|
Top of the 7th over - 0 runs, 1 hit, 0 errors, 2 left on base; Victoria 0 - Roswell 0 |
BOTTOM OF THE 7TH |
Roswell Invaders batting - Pitching for Victoria Capitals : LHP Jakob Lauritzen
|
Now at 1B: Kevin Harris
|
|
Batting: RHB Juan Mejia
|
0-0: Ball 1-0: Foul Ball, location: 2F 1-1: Ball 2-1: Ball 3-1: Foul Ball, location: 2F 3-2: SINGLE (Groundball, 4MD, EV 95.0 MPH)
|
Batting: LHB Andrew Moore
|
0-0: SINGLE (Line Drive, 78S, EV 111.2 MPH) Juan Mejia to second
|
Batting: RHB Cullen Kelley
|
0-0: Grounds into double play, 5-4-3 (Groundball, 56S, EV 89.4 MPH) Juan Mejia to third
|
Batting: LHB Nick Walker
|
0-0: Called Strike 0-1: Fly out, F8 (Line Drive, 8RD, EV 94.4 MPH)
|
Bottom of the 7th over - 0 runs, 2 hits, 0 errors, 1 left on base; Victoria 0 - Roswell 0 |
TOP OF THE 8TH |
Victoria Capitals batting - Pitching for Roswell Invaders : RHP Beniamino Cajani
|
Pinch Hitting: LHB Adam Lupfer
|
0-0: Called Strike 0-1: SINGLE (Groundball, 34D, EV 97.5 MPH)
|
Pinch Hitting: RHB Roberto Medina
|
0-0: Called Strike 0-1: Foul Ball, location: 2F 0-2: Ball 1-2: Foul Ball, location: 2F 1-2: Ball 2-2: Foul Ball, location: 2F 2-2: Foul Ball, location: 2F 2-2: Ball 3-2: SINGLE (Line Drive, 4D, EV 96.2 MPH) Adam Lupfer to second Runner from 2nd tries for 3rd, SAFE, throw by CF made to third
|
Pinch Hitting: LHB Yen-ti Zhu
|
0-0: Ball Roberto Medina steals 2nd base 1-0: Intentional Walk
|
Batting: LHB Jason Cary
|
0-0: Foul Ball, location: 2F 0-1: Ball 1-1: Foul Ball, location: 2F 1-2: Ball 2-2: Fly out, F7 (Flyball, 7LM, EV 86.2 MPH) Runner from 3rd tags up, SCORES, throw by LF
|
Pitching: LHP John van Asten
|
|
Batting: RHB Hyeon-cheong Lee
|
0-0: Ball Roberto Medina is caught stealing 3rd base 2-5 1-0: Ball 2-0: Called Strike 2-1: Swinging Strike 2-2: Ball 3-2: Foul Ball, location: 2F 3-2: Base on Balls Yen-ti Zhu to second
|
Batting: RHB Kevin Harris
|
0-0: Ball 1-0: Fly out, F5 (Popup, 5SF, EV 68.8 MPH)
|
Top of the 8th over - 1 run, 2 hits, 0 errors, 2 left on base; Victoria 1 - Roswell 0 |
BOTTOM OF THE 8TH |
Roswell Invaders batting - Pitching for Victoria Capitals : LHP Jakob Lauritzen
|
Now at C: Rowan Prince
|
|
Now at 3B: Jeremy Marin
|
|
Now in CF: Hyeon-cheong Lee
|
|
Now in RF: Rick Harrison
|
|
Pinch Hitting: LHB Ivan Cortez
|
0-0: Ball 1-0: Swinging Strike 1-1: Ground out 6-3 (Groundball, 6M, EV 92.5 MPH)
|
Batting: RHB Hidemitsu Matsuno
|
0-0: Swinging Strike 0-1: SINGLE (Line Drive, 4D, EV 100.0 MPH)
|
Batting: SHB Sandy Burke
|
0-0: Called Strike 0-1: Called Strike 0-2: Strikes out swinging
|
Pinch Hitting: RHB Jason Hanson
|
0-0: Called Strike 0-1: SINGLE (Groundball, 6D, EV 93.8 MPH) Hidemitsu Matsuno to second
|
Pitching: RHP Charlie Bowden
|
|
Pinch Hitting: RHB Benjie Alejandro
|
0-0: Foul Ball, location: 2F 0-1: Ball 1-1: Fly out, F9 (Line Drive, 89M, EV 86.2 MPH)
|
Bottom of the 8th over - 0 runs, 2 hits, 0 errors, 2 left on base; Victoria 1 - Roswell 0 |
TOP OF THE 9TH |
Victoria Capitals batting - Pitching for Roswell Invaders : LHP John van Asten
|
Now at 1B: Jason Hanson
|
|
Now in LF: Andy Fischer
|
|
Now in CF: Ivan Cortez
|
|
Now in RF: Nick Walker
|
|
Batting: SHB Rich Roberts
|
0-0: Called Strike 0-1: SINGLE (Line Drive, 78M, EV 103.8 MPH)
|
Batting: LHB Mike Jones
|
0-0: Ball 1-0: Ball 2-0: Foul Ball, location: 2F 2-1: Foul Ball, location: 2F 2-2: Strikes out looking
|
Batting: RHB Ray Wathey
|
0-0: Called Strike 0-1: Foul Ball, location: 2F 0-2: Ball 1-2: Fly out, F8 (Flyball, 8RM, EV 76.2 MPH)
|
Batting: RHB Jeremy Marin
|
0-0: Called Strike 0-1: Foul Ball, location: 2F 0-2: Foul Ball, location: 2F 0-2: Ball 1-2: Foul Ball, location: 2F 1-2: Ball 2-2: Foul Ball, location: 2F 2-2: Foul Ball, location: 2F 2-2: SINGLE (Line Drive, 4M, EV 95.6 MPH) Rich Roberts to second Runner from 2nd tries for 3rd, OUT! 8-5
|
Top of the 9th over - 0 runs, 2 hits, 0 errors, 1 left on base; Victoria 1 - Roswell 0 |
BOTTOM OF THE 9TH |
Roswell Invaders batting - Pitching for Victoria Capitals : RHP Charlie Bowden
|
Batting: RHB Juan Mejia
|
0-0: Called Strike 0-1: Foul Ball, location: 2F 0-2: Ball 1-2: Ball 2-2: Strikes out swinging
|
Batting: LHB Andrew Moore
|
0-0: Foul Ball, location: 2F 0-1: Ball 1-1: Swinging Strike 1-2: Ball 2-2: Ball 3-2: Foul Ball, location: 2F 3-2: SINGLE (Line Drive, 78S, EV 113.1 MPH)
|
Pinch Hitting: RHB Ray Bieber
|
0-0: Ball 1-0: Fly out, F7 (Flyball, 7S, EV 88.1 MPH)
|
Batting: LHB Nick Walker
|
0-0: Ball 1-0: Ball 2-0: Fly out, F7 (Flyball, 7, EV 78.8 MPH)
|
Bottom of the 9th over - 0 runs, 1 hit, 0 errors, 1 left on base; Victoria 1 - Roswell 0 |
|